 Dungeon Crawl Stone Soup version 0.31-a0-256-g80acddb972 (webtiles) character file.

Game seed: 2692341216061859921

94 qw the Shooter (level 4, -1/26 HPs)
             Began as a Gargoyle Hexslinger on July 12, 2023.
             Slain by Natasha (4 damage)
             ... on level 2 of the Dungeon.
             The game lasted 00:00:34 (1196 turns).

qw the Shooter (Gargoyle Hexslinger)                Turns: 1196, Time: 00:00:34

Health: -1/26      AC:  6    Str: 12    XL:     4   Next: 63%
Magic:  5/5        EV: 11    Int: 13    God:
Gold:   102        SH:  5    Dex: 14    Spells: 4/5 levels left

rFire   . . .        Y - +1 sling
rCold   . . .        (no shield)
rNeg    + . .        i - +0 leather armour
rPois   inf          (no helmet)
rElec   +            (no cloak)
rCorr   .            (no gloves)
SInv    .            (no boots)
Will    .....        e - amulet of reflection
Stlth   +            (no ring)
HPRegen 0.24/turn    (no ring)
MPRegen 0.09/turn

%: reflection
@: slowed, very slow
A: sickness immunity, AC +3, negative energy resistance 1, electricity
resistance, torment resistance 1, petrification resistance
a: no special abilities


You were on level 2 of the Dungeon.
You visited 1 branch of the dungeon, and saw 2 of its levels.

You collected 102 gold pieces.


Innate Abilities, Weirdness & Mutations

You are immune to sickness and miasma.
Your stone body is resilient. (AC +3)
You are immune to poison.
You resist negative energy. (rN+)
You are resistant to electric shocks. (rElec)
You are resistant to unholy torment.
You are immune to petrification.


   Skills:
 - Level 2.0 Fighting
 + Level 4.4 Ranged Weapons
 - Level 1.5 Dodging
 - Level 1.0 Spellcasting
 - Level 2.6 Hexes


You had 4 spell levels left.
You knew the following spells:

 Your Spells              Type           Power      Damage    Failure   Level
a - Slow                  Hex            28%        N/A       12%         1

Your spell library contained the following spells:

 Spells                   Type           Power      Damage    Failure   Level
 Inner Flame              Hex/Fire       4%         N/A       52%         3
 Portal Projectile        Hex/Tloc       8%         N/A       52%         3
 Cause Fear               Hex            3%         N/A       75%         4

Inventory:

Hand Weapons
 Y - a +1 sling (weapon)
Armour
 a - a +0 ring mail
 b - a +0 pair of boots
 i - a +0 leather armour (worn)
Jewellery
 e - an amulet of reflection (around neck)
 g - a ring of ice
Potions
 c - 2 potions of berserk rage {unknown}
 h - a potion of haste {unknown}

Dungeon Overview and Level Annotations

Branches:
Dungeon (2/15)

Altars:
Uskayaw

Annotations:
D:2 1 runed translucent door, Crazy Yiuf, Natasha


Message History

Natasha is severely wounded.
You block Natasha's attack.
Natasha stares at you and mumbles some strange words.
The magic dart hits you!
You shoot a sling bullet.
The sling bullet closely misses Natasha.
Natasha mumbles some strange words.
Natasha's front paws start to glow.
Natasha claws you. x2
You shoot a sling bullet. The sling bullet barely misses Natasha.
Natasha claws you. x2
You shoot a sling bullet. The sling bullet barely misses Natasha.
Natasha barely misses you. Natasha misses you.
You shoot a sling bullet.
The sling bullet hits Natasha but does no damage.
Natasha is severely wounded.
Natasha wildly gestures.
Natasha glows brightly for a moment.
Natasha closely misses you. Natasha claws you but does no damage.
You shoot a sling bullet. The sling bullet hits Natasha.
Natasha is almost dead.
Natasha closely misses you.
You shoot a sling bullet.
The sling bullet hits Natasha but does no damage.
Natasha is almost dead.
You block Natasha's attack. Natasha closely misses you.
You shoot a sling bullet. The sling bullet barely misses Natasha.
Natasha stares at you and mumbles some strange words.
You feel as though you will be slow longer.
Natasha extends her claws.
Natasha casts a spell at you.
You feel as though you will be slow longer.
You shoot a sling bullet.
The sling bullet closely misses Natasha.
Natasha barely misses you. Natasha casts a spell at you.
The magic dart hits you.
You shoot a sling bullet. The sling bullet barely misses Natasha.
Natasha claws you.
You die...

).#.### ### #.........## ##.#...
)).#..##...# #...#....).###(..)##
))####.+...# #...####........#.##
)## ###..)# #...# #>...........
## ### #...## #.##.........
#....###.##.........
#....##..##.##..#... #
########..h.#...##.##......
#######.........@.#.#.#..##....##
%.....#........................##
#####...#..######..###..........%
# ###........#.......######.... #
###.####.....##### #.... #.#
##.....#########....
######...##..............
###......##............##
###........##............##


You could see Natasha.

Vanquished Creatures
  Natasha (twice) (D:2)
  4 dart slugs
  5 ball pythons
  A bat (D:1)
  A giant cockroach (D:1)
  A goblin (D:1)
  5 hobgoblins
  3 jackals (D:1)
  3 kobolds
  4 quokkas
  2 frilled lizards
  5 rats
36 creatures vanquished.

Notes
Turn   | Place    | Note
-------+----------+-------------------------------------------
     0 | D:1      | qw the Gargoyle Hexslinger began the quest for the Orb.
     0 | D:1      | Reached XP level 1. HP: 12/12 MP: 2/2
     0 | D:1      | 0 ||| qw: Version: 0.3-a-52-g30416fa
     0 | D:1      | 0 ||| qw: Game counter: 6742
     0 | D:1      | 0 ||| qw: Melee chars always use a shield: true
     0 | D:1      | 0 ||| qw: God list: Okawaru
     0 | D:1      | 0 ||| qw: Allow faded altars: false
     0 | D:1      | 0 ||| qw: Do Orc after clearing Dungeon:15 true
     0 | D:1      | 0 ||| qw: Do second Lair branch before Depths: true
     0 | D:1      | 0 ||| qw: Lair rune preference: random
     0 | D:1      | 0 ||| qw: Goals: Normal
     0 | D:1      | 0 ||| PLANNING D:1-11
    71 | D:1      | Reached XP level 2. HP: 16/16 MP: 3/3
   173 | D:1      | Reached skill level 3 in Ranged Weapons
   208 | D:1      | 208 ||| FLEEEEING.
   209 | D:1      | 209 ||| FLEEEEING.
   210 | D:1      | 210 ||| FLEEEEING.
   211 | D:1      | 211 ||| FLEEEEING.
   212 | D:1      | 212 ||| FLEEEEING.
   213 | D:1      | 213 ||| FLEEEEING.
   214 | D:1      | 214 ||| FLEEEEING.
   216 | D:1      | 216 ||| FLEEEEING.
   217 | D:1      | 217 ||| FLEEEEING.
   218 | D:1      | 218 ||| FLEEEEING.
   219 | D:1      | 219 ||| FLEEEEING.
   220 | D:1      | 220 ||| FLEEEEING.
   221 | D:1      | 221 ||| FLEEEEING.
   222 | D:1      | 222 ||| FLEEEEING.
   223 | D:1      | 223 ||| FLEEEEING.
   224 | D:1      | 224 ||| FLEEEEING.
   225 | D:1      | 225 ||| FLEEEEING.
   226 | D:1      | 226 ||| FLEEEEING.
   286 | D:1      | Reached XP level 3. HP: 16/21 MP: 4/4
   691 | D:1      | 691 ||| UPGRADING to +0 leather armour.
   701 | D:1      | 701 ||| DROPPING +0 robe.
   702 | D:1      | 702 ||| UPGRADING to amulet of reflection.
   707 | D:1      | 707 ||| READING scroll labelled MONKOF EVURCH.
   708 | D:1      | 708 ||| READING scroll labelled WILITW MOOSAUH.
   709 | D:1      | 709 ||| DROPPING scroll of poison.
   805 | D:2      | Found a runed translucent door.
   806 | D:2      | Noticed Crazy Yiuf
   841 | D:2      | Noticed Natasha
   849 | D:2      | Killed Natasha
   850 | D:2      | Reached XP level 4. HP: 26/26 MP: 5/5
  1019 | D:2      | Reached skill level 4 in Ranged Weapons
  1073 | D:2      | Noticed Natasha
  1076 | D:2      | Killed Natasha
  1125 | D:2      | Found a hide-covered altar of Uskayaw.
  1181 | D:2      | Noticed Natasha
  1189 | D:2      | HP: 5/26 [Natasha (5)]
  1195 | D:2      | HP: 2/26 [Natasha/magic dart (5)]
  1196 | D:2      | Slain by Natasha

Levels and vault maps discovered:
D:1:      denvon_arrival_planthouse, layout_basic
D:2:      layout_rooms, basic_altar, serial_curves, eino_curves_01,
          eino_curves_01, uniq_crazy_yiuf_cottage, uniq_natasha

Skill      XL: |  1  2  3  4 |
---------------+-------------+-----
Ranged Weapons | 3 4 |  4.4
Fighting       | 2 |  2.0
Dodging        | |  1.5
Spellcasting   | |  1.0
Hexes          | |  2.6

Action                     |  1- 3 |  4- 6 || total
---------------------------+-------+-------++-------
   Fire: Sling             |    97 |    31 ||   128
    Use: Scroll            |     2 |       ||     2
 Armour: Robe              |    13 |       ||    13
         Leather armour    |       |     2 ||     2
  Dodge: Dodged            |    17 |     7 ||    24
  Block: Other             |     2 |     2 ||     4
         Reflection        |     1 |       ||     1

Table legend:
 A = Non-vault XP
 B = Vault XP
 C = Vault XP percentage of total XP
 D = Non-vault monster count
 E = Vault monster count
 F = Vault count percentage of total count
                 A         B        C        D         E       F
            +---------+---------+-------+---------+---------+-------
      Total |     100 |      35 |  25.9 |      35 |       1 |   2.8
            +---------+---------+-------+---------+---------+-------
        D:1 |      48 |       0 |   0.0 |      23 |       0 |   0.0
        D:2 |      52 |      35 |  40.2 |      12 |       1 |   7.7
            +---------+---------+-------+---------+---------+-------
